AoeStats
← acarlos

Golden Pit

507846291Analyzed
1v1 RM · 12d ago on Sep 19, 2026· 29m 2s· 2 players
Game mode
Random Map
Map size
Tiny (2 player)
Population
200
Speed
Normal
Resources
Standard
Victory
Conquest
Starting age
Dark Age
Ending age
Imperial Age
RankedLock teamsTeams togetherTeam positionsShared explorationLock speedFull tech treeHidden civsTurbo modeCheats
Victory
Defeat
🇨🇱 Vikings · Chile
387
+17
🇺🇸 Persians · United States
416
-17
miaumiaumiau
7:37 Loom
12:48 Feudal Age
13:25 Double-Bit Axe
15:53 Horse Collar
17:49 Town Watch
20:31 Man-at-Arms
22:15 Gold Mining
23:22 Forging
23:13 Scale Mail Armor
24:21 Arson
30:27 Castle Age
acarlos
4:00 Loom
16:32 Feudal Age
23:09 Double-Bit Axe
24:18 Bloodlines
26:58 Castle Age
Connection lost

Rejoining the realm…

Still unreachable

The connection could not be restored.

Session expired

The server has moved on; the page needs a fresh start.